 Dungeon Crawl Stone Soup version 0.31-a0-1-g4198be8af4 (webtiles) character file.

Game seed: 12089413277746604616

9415 ytrimaz the Nimble (level 11, -2/76 HPs)
             Began as a Djinni Fire Elementalist on May 2, 2023.
             Was a Believer of Ashenzari.
             Killed from afar by Erolcha (8 damage)
             ... with a fireball
             ... on level 9 of the Dungeon.
             The game lasted 00:14:43 (10327 turns).

ytrimaz the Nimble (Djinni Fire Elementalist)      Turns: 10327, Time: 00:14:44

Health: -2/76      AC: 11    Str:  7    XL:     11   Next: 74%
Gold:   275        EV: 14    Int: 22    God:    Ashenzari [**....] SH:  0 Dex: 13

rFire   + + .        t - +2 scythe (protect)
rCold   x . .        (shield currently unavailable)
rNeg    . . .        v - +0 swamp dragon scales rPois โˆž
                     x - +1 hat
rElec   .            s - +0 cloak of Ashenzari's Annoyance {Cun, Melee} (curse)
rCorr   .            (no gloves)
SInv    +            (boots unavailable)
Will    +....        G - amulet "Cursed With Me" {Acrobat, Evo, Range} (curse)
Stlth   ++           c - ring of the Unyielding Gaze {Wiz, Cun, Fort} (curse)
HPRegen 0.32/turn    A - ring of wizardry
MPRegen 0.00/turn

%: acrobat, wizardry (x2), infuse magic (-3 HP)
@: flying, studying Evocations, invisible
A: sickness immunity, fire resistance 2, cold vulnerability 1, float, innate
caster, HP casting, extra vitality 1
a: Renounce Religion, Shatter the Chains


You were on level 9 of the Dungeon.
You worshipped Ashenzari.
Ashenzari was pleased with you.
You visited 3 branches of the dungeon, and saw 11 of its levels.

You collected 506 gold pieces.
You spent 231 gold pieces at shops.


Innate Abilities, Weirdness & Mutations

You are immune to sickness and miasma.
You are immune to poison.
Your flesh is very heat resistant. (rF++)
You are vulnerable to cold. (rC-)
You float through the air rather than walking.
You learn spells naturally, not from books.
Your magical power is your life essence.
You have superior vitality. (+4 MHP)


   Skills:
 + Level 6.3 Fighting
 + Level 6.3(7.5) Armour
 + Level 11.3(13.0) Dodging
 - Level 2.0(3.3) Stealth
 - Level 9.0 Spellcasting


You knew the following spells:

 Your Spells              Type           Power      Damage    Failure   Level
a - Foxfire               Conj/Fire      100%       2x1d9     1%          1
b - Scorch                Fire           98%        2d9       1%          2
c - Magic Dart            Conj           100%       1d8       1%          1
d - Flame Wave            Conj/Fire      49%        2d12      1%          4
e - Inner Flame           Hex/Fire       49%        N/A       1%          3
f - Wereblood             Tmut           49%        N/A       1%          2
g - Volatile Blastmotes   Fire/Tloc      98%        2d18      1%          3
h - Teleport Other        Tloc           49%        N/A       1%          3
i - Gell's Gravitas       Tloc           49%        N/A       1%          3
j - Animate Dead          Necr           49%        N/A       1%          4
Your spell library was empty.

Inventory:

Hand Weapons
 t - a +2 scythe of protection (weapon)
   (You took it off Sigmund on level 4 of the Dungeon)
 E - a +4 scimitar of flaming
   (You took it off Erica on level 9 of the Dungeon)
Missiles
 g - 6 curare-tipped darts
Armour
 a - a +0 robe
 s - the cursed +0 cloak of Ashenzari's Annoyance (worn) {Cun, Melee}
   (You found it on level 5 of the Dungeon)

   It has a curse which improves the following skills: Cunning: Dodging and
   Stealth.
   Melee Combat: Short Blades, Long Blades, Axes, Maces & Flails, Polearms,
   Staves and Unarmed Combat.
 v - +0 swamp dragon scales (worn)
   (You took it off Maggie on level 6 of the Dungeon)
 w - a +2 buckler of protection
   (You found it on level 6 of the Dungeon)
 x - a +1 hat (worn)
   (You found it on level 7 of the Dungeon)
Jewellery
 c - the cursed ring of the Unyielding Gaze (left hand) {Wiz, Cun, Fort}
   (You found it on level 1 of the Dungeon)

   [ring of wizardry]

   It improves your spell success rate.
   It has a curse which improves the following skills: Cunning: Dodging and
   Stealth.
   Fortitude: Armour and Shields.
 j - an amulet of faith
   (You found it on level 2 of the Dungeon)
 A - a ring of wizardry (right hand)
   (You found it on level 5 of the Dungeon)
 D - a ring of positive energy
   (You took it off a wight on level 7 of the Dungeon)
 G - the cursed amulet "Cursed With Me" (around neck) {Acrobat, Evo, Range}
   (You found it on level 8 of the Dungeon)

   [amulet of the acrobat]

   It increases your evasion while moving and waiting.
   It has a curse which improves the following skills: Evocations: Evocations.
   Ranged Combat: Ranged Weapons and Throwing.
Wands
 n - a wand of acid (6)
   (You found it on level 7 of the Dungeon)
 C - a wand of polymorph (11)
   (You found it on level 6 of the Dungeon)
Scrolls
 b - 2 scrolls of enchant armour
 f - 7 scrolls of teleportation
 l - 3 scrolls of poison
 p - a scroll of immolation
 r - a scroll of brand weapon
 y - 2 scrolls of enchant weapon
 B - a scroll of silence
 F - a scroll of amnesia
Potions
 d - 6 potions of mutation
 e - 2 potions of might
 h - 2 potions of haste
 i - a potion of flight
 k - 2 potions of ambrosia
 m - 3 potions of attraction
 q - a potion of invisibility
 u - a potion of brilliance
 z - a potion of lignification

Dungeon Overview and Level Annotations

Branches:
Dungeon (9/15) Zot: 26291  Temple (1/1) D:7 Zot: 5750    Lair (1/5) D:8 Zot: 5998
    Orc: D:9-12

Altars:
Ashenzari
Cheibriados
Elyvilon
Fedhas
Gozag
Hepliaklqana
Makhleb
Nemelex Xobeh
Okawaru
Qazlal
Ru
Trog
Uskayaw
Wu Jian
Yredelemnul
The Shining One

Shops:
D:4 !

Annotations:
D:7 3 runed translucent doors, nononono's ghost, amateur GnDe
D:9 Erolcha

........#####. * #
*######........#...[. .
.,..............#.#### ,
, ..#.
.............#.#... , ,
*
#.?##............#[#...
#...............[#.#...
*,
#..............รท.#.#...
,
#..............).[)#...
##.....@...)......)<###.
, ...<(......)......รท.#
.
........O.......>.......
.........#####..........
>
.........#...#..........
.........#.#.#..........
,
........<#.#.#...##.....
,
...#.#.....#.##.###.....
.#.#.....###.# .. **


You could see Erolcha (invisible, combustible) and a +1 spectral giant spiked
club.


Message History

Here: Erolcha, wielding a +1 spectral giant spiked club and wearing a +0 robe (fire blocked by a translucent rock wall)
The floor.
Unknown command.
Press: ? - help, v - describe, . - travel
Here: Erolcha, wielding a +1 spectral giant spiked club and wearing a +0 robe (fire blocked by a translucent rock wall)
The floor.
Press: ? - help, v - describe, . - travel
Here: Erolcha, wielding a +1 spectral giant spiked club and wearing a +0 robe (fire blocked by a translucent rock wall)
The floor.
You are flying.
You are studying Evocations.
Your flying speed is average.
Your attack delay is about 1.4.
Your damage rating with your +2 scythe of protection is about 15 (Base 13 x 92% (Str) x 110% (Skill) + 2 (Ench)). ๐Ÿ˜• HP[+1]
Found 20 gold pieces.
Found a stone staircase leading up. ๐Ÿ˜• HP[+1] Unknown command.
Casting: Flame Wave (dangerous; 1% risk of failure)
Confirm with . or Enter, or press ? or * to list all spells.
Okay, then.
Unknown command. ๐Ÿ˜• HP[+1] Unknown command.
Casting: Flame Wave (dangerous; 1% risk of failure)
Confirm with . or Enter, or press ? or * to list all spells.
Okay, then.
Casting: Flame Wave (dangerous; 1% risk of failure)
Confirm with . or Enter, or press ? or * to list all spells.
A cloud of volatile blastmotes flares up around you! ๐Ÿ˜• HP[-3]
You take 3 damage, and now have 67/76 hp. ๐Ÿ˜• HP[+1]
Casting: Volatile Blastmotes (safe; 1% risk of failure)
Confirm with . or Enter, or press ? or * to list all spells.
A cloud of volatile blastmotes flares up around you!
The cloud of blastmotes explodes!
The concussive blast engulfs Erolcha!
You hear two shouts! ๐Ÿ˜• HP[-3]
You take 3 damage, and now have 65/76 hp.
Unknown command.
The cloud of blastmotes explodes!
The concussive blast engulfs Erolcha. ๐Ÿ˜• HP[+1]
Casting: Volatile Blastmotes (safe; 1% risk of failure)
Confirm with . or Enter, or press ? or * to list all spells.
Casting: Flame Wave (dangerous; 1% risk of failure)
Press: ? - help, Dir - look around, f - activate A wave of flame ripples out! (Press . to intensify the flame waves.) Erolcha gestures at you while chanting.
The fireball explodes!
The fireball engulfs you! You resist.
You hear a shout! ๐Ÿ˜ฎ HP[-12]
You take 12 damage, and now have 54/76 hp.
A wave of flame ripples out!
The flame wave engulfs Erolcha! ๐Ÿ˜ฎ HP[-1]
You take 1 damage, and now have 53/76 hp.
A wave of flame ripples out!
The flame wave engulfs Erolcha but does no damage.
You finish channelling waves of flame.
You hear a shout!
Erolcha hits you with a +1 spectral giant spiked club!!
* * * LOW HITPOINT WARNING * * *
The +1 spectral giant spiked club completely misses you.
A +1 spectral giant spiked club comes into view. ๐Ÿ˜จ HP[-22]
You take 22 damage, and now have 31/76 hp.
MASSIVE DAMAGE!! (PAUSE)
Casting: Flame Wave (dangerous; 1% risk of failure)
Confirm with . or Enter, or press ? or * to list all spells.
Flames lash Erolcha.
Erolcha's fire resistance burns away.
* * * LOW HITPOINT WARNING * * *
The +1 spectral giant spiked club hits you!!
* * * LOW HITPOINT WARNING * * *
Erolcha mumbles some strange words.
Erolcha flickers and vanishes for a moment.
The +1 spectral giant spiked club barely misses you.
Unknown command. ๐Ÿ˜ฑ HP[-28]
You take 28 damage, and now have 3/76 hp.
MASSIVE DAMAGE!! (PAUSE)
Okay, then.
You feel better.
The +1 spectral giant spiked club closely misses you.
The +1 spectral giant spiked club disappears.
Erolcha barely misses you.
The +1 spectral giant spiked club hits you!
* * * LOW HITPOINT WARNING * * *
A +1 spectral giant spiked club comes into view. ๐Ÿ˜ฑ HP[+2]
You regained 2 hp, and now have 5/76 hp.
Okay, then.
Unknown command. ๐Ÿ˜ฑ HP[+1]
Okay, then.
Casting: Scorch (safe; 1% risk of failure)
Confirm with . or Enter, or press ? or * to list all spells.
Okay, then.
You fade into invisibility!
Erolcha gestures at you while chanting.
The fireball explodes!
The fireball engulfs you! You resist.
You die...

Skill      XL: |  1  2  3  4  5  6  7  8  9 10 11 |
---------------+----------------------------------+-----
Stealth        | 2 |  2.0
Dodging        | 3 4 5 7 8 10 11 | 11.3
Spellcasting   | 3 4 5 7 8 9 |  9.0
Fighting       | 4 6 |  6.3
Armour         | 4 6 |  6.3

Action                     |  1- 3 |  4- 6 |  7- 9 | 10-12 || total
---------------------------+-------+-------+-------+-------++-------
  Melee: Unarmed           |     4 |     1 |       |       ||     5
         Halberd           |       |       |    26 |   120 ||   146
   Cast: Foxfire           |    44 |    33 |    35 |       ||   112
         Scorch            |    10 |    19 |    14 |    14 ||    57
         Flame Wave        |       |     2 |    40 |    46 ||    88
         Magic Dart        |       |     1 |       |     2 ||     3
         Volatile Blastmot |       |       |     3 |     4 ||     7
         Gell's Gravitas   |       |       |     2 |     3 ||     5
         Wereblood         |       |       |       |     1 ||     1
 Invoke: Curse Item        |       |       |       |     3 ||     3
    Use: Scroll            |       |     4 |     6 |     6 ||    16
         Potion            |       |     2 |     4 |     5 ||    11
   Stab: Sleeping          |       |       |     1 |       ||     1
 Armour: Robe              |     3 |     1 |     3 |       ||     7
         Swamp dragon scal |       |       |       |   110 ||   110
  Dodge: Dodged            |    15 |     9 |    45 |   203 ||   272

Levels and vault maps discovered:
D:1:      dpeg_arrival_pond, layout_loops_ring, serial_rivers,
          chequers_serial_rivers_micro_a, chequers_serial_rivers_micro_e,
          chequers_serial_rivers_small_b, chequers_serial_rivers_large_b,
          chequers_serial_rivers_marsh, chequers_serial_rivers_marsh
D:2:      layout_basic, minmay_joined_circles, uniq_natasha
D:3:      layout_basic
D:4:      layout_layer_cave, serial_shops, shop, nicolae_nh_ransacked_shop,
          uniq_sigmund
D:5:      layout_rooms, lemuel_tele_altar, chequers_decorated_corner,
          minmay_misc_feat_ornament, minmay_fractal_squares_diagonal_5
D:6:      layout_basic, cheibrodos_sewer_entry_sluice, water_maze_lemuel,
          uniq_maggie
D:7:      layout_rooms, chequers_temple_overflow_statue_of_worship,
          minmay_temple_entry_statues_pillars, gammafunk_ghost_necromancy,
          serial_park_tiny_2, dreamdust_princess_corridor, minmay_circle_x,
          uniq_prince_ribbit1, uniq_pikel, uniq_menkaure
D:8:      layout_basic, david_lair_generic
D:9:      minmay_the_grid_triangle_9x9_rhombus_thin
          [minmay_the_grid_triangle_9x9_semitri,
          minmay_the_grid_triangle_9x9_prize_top_heavy,
          minmay_the_grid_triangle_9x9_warning,
          minmay_the_grid_triangle_9x9_negative_grid], layout_cave_pools,
          overflow_temple_1_default, erik_orc_1, serial_co_window_serial,
          co_window_paths_a, co_window_corner_a, co_window_corner_a,
          co_window_of_opportunity_a, co_window_paths_b,
          co_window_of_opportunity_b, co_window_broadway_b, co_window_corner_cb,
          co_window_2corner, co_window_4corner_a, glass_columns_a,
          glass_columns_c, glass_columns_c, minmay_shop_grid_forest, uniq_erica,
          uniq_erolcha, uniq_gastronok
Temple:   kb_temple_of_zot
Lair:1:   layout_gridlike, gammafunk_ghost_grave

Notes
Turn   | Place    | Note
-------+----------+-------------------------------------------
     0 | D:1      | ytrimaz the Djinni Fire Elementalist began the quest for
                  | the Orb.
     0 | D:1      | ytrimaz set off with the following spells memorised:
                  | Foxfire, Scorch, Volatile Blastmotes, Inner Flame, Flame
                  | Wave.
     0 | D:1      | Reached XP level 1. HP: 15/15 MP: 0/0
     0 | D:1      | magus.rc [v1.9.6]
   401 | D:1      | Reached XP level 2. HP: 12/21 MP: 0/0
  1163 | D:2      | Reached skill level 2 in Stealth
  1261 | D:2      | Reached XP level 3. HP: 20/25 MP: 0/0
  1261 | D:2      | Learned a level 1 spell: Magic Dart
  1431 | D:2      | Noticed Natasha
  1436 | D:2      | Killed Natasha
  1437 | D:2      | Reached skill level 3 in Dodging
  1437 | D:2      | Reached skill level 3 in Spellcasting
  1437 | D:2      | Reached XP level 4. HP: 18/31 MP: 0/0
  1492 | D:2      | Noticed Natasha
  1500 | D:2      | Killed Natasha
  1879 | D:2      | Noticed Natasha
  1883 | D:2      | Killed Natasha
  1884 | D:2      | Reached XP level 5. HP: 32/35 MP: 0/0
  1884 | D:2      | Learned a level 2 spell: Wereblood
  2662 | D:4      | Found Ymoocyol's Distillery.
  2673 | D:4      | Bought a potion of curing for 33 gold pieces
  2673 | D:4      | Bought a potion of heal wounds for 55 gold pieces
  2673 | D:4      | Bought a potion of invisibility for 88 gold pieces
  2723 | D:4      | Noticed Sigmund
  2743 | D:4      | Killed Sigmund
  2744 | D:4      | Reached skill level 4 in Dodging
  2744 | D:4      | Reached skill level 4 in Spellcasting
  2744 | D:4      | Reached XP level 6. HP: 22/40 MP: 0/0
  3358 | D:4      | Noticed an ogre
  3362 | D:4      | Killed an ogre
  3363 | D:4      | Reached XP level 7. HP: 20/45 MP: 0/0
  3363 | D:4      | Learned a level 3 spell: Teleport Other
  3582 | D:4      | Reached skill level 5 in Dodging
  3582 | D:4      | Reached skill level 5 in Spellcasting
  4019 | D:4      | Bought a potion of heal wounds for 55 gold pieces
  4039 | D:5      | Entered Level 5 of the Dungeon
  4297 | D:5      | Reached XP level 8. HP: 39/50 MP: 0/0
  4437 | D:5      | HP: 8/50 [orc priest/+0 dagger (4)]
  4439 | D:5      | HP: 2/50 [orc priest/+0 dagger (2)]
  4677 | D:5      | Found a basalt altar of Yredelemnul.
  4860 | D:5      | Reached skill level 6 in Dodging
  4860 | D:5      | Reached skill level 6 in Spellcasting
  5295 | D:6      | Noticed a yak
  5295 | D:6      | Noticed a yak
  5295 | D:6      | Noticed a yak
  5295 | D:6      | Noticed a yak
  5295 | D:6      | Noticed a yak
  5308 | D:6      | HP: 8/50 [yak (15)]
  5309 | D:6      | HP: 2/50 [yak (5)]
  5313 | D:6      | Killed a yak
  5313 | D:6      | Killed a yak
  5314 | D:6      | Reached skill level 7 in Dodging
  5314 | D:6      | Reached skill level 7 in Spellcasting
  5314 | D:6      | Reached XP level 9. HP: 25/55 MP: 0/0
  5314 | D:6      | Learned a level 3 spell: Gell's Gravitas
  5317 | D:6      | HP: 12/55 [yak (10)]
  5318 | D:6      | Noticed Maggie
  6050 | D:6      | HP: 9/55 [electric eel/bolt of electricity (6)]
  6050 | D:6      | HP: 2/55 [electric eel/bolt of electricity (7)]
  6296 | D:6      | Reached skill level 8 in Spellcasting
  6526 | D:6      | Reached skill level 8 in Dodging
  6627 | D:6      | Killed Maggie
  6828 | D:6      | Reached XP level 10. HP: 36/60 MP: 0/0
  6960 | D:6      | HP: 10/60 [yak (10)]
  6963 | D:6      | Reached skill level 9 in Dodging
  6963 | D:6      | Reached skill level 9 in Spellcasting
  7541 | D:7      | Noticed Pikel
  7550 | D:7      | Killed Pikel
  7551 | D:7      | Reached skill level 1 in Fighting
  7551 | D:7      | Reached skill level 1 in Armour
  7561 | D:7      | Found a staircase to the Ecumenical Temple.
  7574 | D:7      | Reached skill level 2 in Fighting
  7574 | D:7      | Reached skill level 2 in Armour
  7591 | Temple   | Entered the Ecumenical Temple
  7811 | Temple   | Became a worshipper of Ashenzari the Shackled
  7862 | D:7      | Noticed Menkaure
  7863 | D:7      | Noticed Prince Ribbit
  7871 | D:7      | Killed Menkaure
  7872 | D:7      | Killed Prince Ribbit
  7978 | D:7      | Reached skill level 3 in Fighting
  7978 | D:7      | Reached skill level 3 in Armour
  8154 | D:7      | Found a runed translucent gate.
  8154 | D:7      | Found a runed translucent gate.
  8154 | D:7      | Found a runed translucent gate.
  8154 | D:7      | Noticed a spectral unseen horror
  8154 | D:7      | Noticed nononono's ghost (amateur GnDe)
  8156 | D:7      | Noticed a spectral unseen horror
  8309 | D:7      | Found a sacrificial altar of Ru.
  8309 | D:7      | Found a sparkling altar of Nemelex Xobeh.
  8552 | D:8      | Noticed an elephant
  8559 | D:8      | Reached skill level 10 in Dodging
  8570 | D:8      | HP: 11/67 [bullfrog (4)]
  8803 | D:8      | Killed an elephant
  8804 | D:8      | Reached skill level 4 in Fighting
  8804 | D:8      | Reached skill level 4 in Armour
  8804 | D:8      | Reached XP level 11. HP: 38/74 MP: 0/0
  8804 | D:8      | Learned a level 4 spell: Animate Dead
  8825 | D:8      | HP: 13/74 [yak (8)]
  8827 | D:8      | Reached skill level 5 in Fighting
  8827 | D:8      | Reached skill level 5 in Armour
  9100 | D:8      | Found a staircase to the Lair.
  9598 | D:8      | Reached * piety under Ashenzari
  9625 | Lair:1   | Entered Level 1 of the Lair of Beasts
  9637 | D:9      | Reached ** piety under Ashenzari
  9675 | D:9      | Reached skill level 11 in Dodging
  9689 | D:9      | HP: 16/76 [killer bee (3)]
  9696 | D:9      | HP: 7/76 [yak (3)]
  9698 | D:9      | HP: 3/76 [killer bee (3)]
  9992 | D:9      | Reached skill level 6 in Fighting
  9992 | D:9      | Reached skill level 6 in Armour
  9997 | D:9      | Noticed Erica
 10171 | D:9      | Killed Erica
 10290 | D:9      | Noticed Erolcha
 10324 | D:9      | HP: 3/76 [+1 spectral giant spiked club[Erolcha] (26)]
 10327 | D:9      | Killed from afar by Erolcha

Vanquished Creatures
  Erica (D:9)
  Pikel (D:7)
  An elephant (D:8)
  Maggie (D:6)
  Prince Ribbit (D:7)
  Sigmund (D:4)
  24 yaks
  A wyvern (D:7)
  Menkaure (D:7)
  3 water moccasins
  3 orc warriors
  2 sky beasts
  3 black bears
  A centaur (D:8)
  2 ogres
  3 lemures (D:7)
  A kobold brigand (D:7)
  5 bullfrogs
  A phantom (D:5)
  2 gnoll sergeants
  4 wights
  9 killer bees
  A howler monkey (D:5)
  3 electric eels (D:6)
  7 hounds
  2 jellies (D:5)
  3 orc priests
  2 sleepcaps
  A gnoll bouda (D:7)
  6 iguanas
  Natasha (thrice) (D:2)
  7 orc wizards
  6 adders
  8 gnolls
  A river rat (D:6)
  2 white imps (D:6)
  4 worms
  2 dart slugs
  29 orcs
  An endoplasm (D:1)
  5 goblins
  9 hobgoblins
  2 jackals (D:3)
  A quokka (D:1)
  4 ball pythons
  6 bats
  2 frilled lizards (D:2)
  10 kobolds
  5 rats
203 creatures vanquished.

Vanquished Creatures (others)
  174 foxfires
  A fungus (D:8)
  A plant (D:8)
176 creatures vanquished.

Grand Total: 379 creatures vanquished

Table legend:
 A = Non-vault XP
 B = Vault XP
 C = Vault XP percentage of total XP
 D = Non-vault monster count
 E = Vault monster count
 F = Vault count percentage of total count
                 A         B        C        D         E       F
            +---------+---------+-------+---------+---------+-------
      Total |    8846 |    4605 |  34.2 |     147 |      53 |  26.5
            +---------+---------+-------+---------+---------+-------
        D:1 |      12 |       0 |   0.0 |       7 |       0 |   0.0
        D:2 |      86 |      64 |  42.7 |       9 |      17 |  65.4
        D:3 |      16 |       0 |   0.0 |      10 |       0 |   0.0
        D:4 |     223 |     305 |  57.8 |       7 |       6 |  46.2
        D:5 |     945 |     454 |  32.5 |      23 |       8 |  25.8
        D:6 |    2217 |     388 |  14.9 |      28 |       3 |   9.7
        D:7 |     556 |    1579 |  74.0 |      15 |      11 |  42.3
        D:8 |    1983 |     934 |  32.0 |      24 |       4 |  14.3
        D:9 |    2808 |     881 |  23.9 |      24 |       4 |  14.3
            +---------+---------+-------+---------+---------+-------

Skill      XL: |  1  2  3  4  5  6  7  8  9 10 11 |
---------------+----------------------------------+-----
Stealth        | 2 |  2.0
Dodging        | 3 4 5 7 8 10 11 | 11.3
Spellcasting   | 3 4 5 7 8 9 |  9.0
Fighting       | 4 6 |  6.3
Armour         | 4 6 |  6.3

Action                     |  1- 3 |  4- 6 |  7- 9 | 10-12 || total
---------------------------+-------+-------+-------+-------++-------
  Melee: Unarmed           |     4 |     1 |       |       ||     5
         Halberd           |       |       |    26 |   120 ||   146
   Cast: Foxfire           |    44 |    33 |    35 |       ||   112
         Scorch            |    10 |    19 |    14 |    14 ||    57
         Flame Wave        |       |     2 |    40 |    46 ||    88
         Magic Dart        |       |     1 |       |     2 ||     3
         Volatile Blastmot |       |       |     3 |     4 ||     7
         Gell's Gravitas   |       |       |     2 |     3 ||     5
         Wereblood         |       |       |       |     1 ||     1
 Invoke: Curse Item        |       |       |       |     3 ||     3
    Use: Scroll            |       |     4 |     6 |     6 ||    16
         Potion            |       |     2 |     4 |     5 ||    11
   Stab: Sleeping          |       |       |     1 |       ||     1
 Armour: Robe              |     3 |     1 |     3 |       ||     7
         Swamp dragon scal |       |       |       |   110 ||   110
  Dodge: Dodged            |    15 |     9 |    45 |   203 ||   272

Illustrated notes

Table legend:
 A = Kills in this place as a percentage of kills in the entire game.
 B = Kills by you in this place as a percentage of kills by you in the entire game.
 C = Kills by friends in this place as a percentage of kills by friends in the entire game.
 D = Other kills in this place as a percentage of other kills in the entire game.
 E = Experience gained in this place as a percentage of experience gained in the entire game.
 F = Experience gained in this place divided by the number of levels of this place that you have seen.
                   A       B       C       D       E      F
               +-------+-------+-------+-------+-------+----------------------
         Total | 100.0 | 100.0 |   N/A |   N/A | 100.0 | 1222.8
       Dungeon | 100.0 | 100.0 |   N/A |   N/A | 100.0 | 1494.6
               +-------+-------+-------+-------+-------+----------------------

Table legend: (Time is in decaauts)
 A = Elapsed time spent in this place.
 B = Non-inter-level travel time spent in this place.
 C = Inter-level travel time spent in this place.
 D = Time resting spent in this place.
 E = Time spent auto-exploring this place.
 F = Levels seen in this place.
 G = Mean time per level.
                   A        B        C        D        E       F      G
               +--------+--------+--------+--------+--------+-----+--------+
         Total |  10408 |  10008 |    400 |   1352 |   7216 |  11 |  946.2 |
       Dungeon |  10156 |   9798 |    358 |   1352 |   7022 |   9 | 1128.4 |
        Temple |    249 |    207 |     42 |      0 |    194 |   1 |  249.0 |
          Lair |      1 |      1 |      0 |      0 |      0 |   1 |    1.0 |
               +--------+--------+--------+--------+--------+-----+--------+

Top non-repeatable levels by time:
     D:6: 1722 daAuts
     D:8: 1609 daAuts
     D:5: 1586 daAuts
     D:4: 1521 daAuts
     D:2: 1026 daAuts
     D:1: 875 daAuts
     D:7: 824 daAuts
     D:3: 766 daAuts
  Temple: 249 daAuts
     D:9: 222 daAuts
  Lair:1: 1 daAuts
